 Dungeon Sprint DCSS version 0.23-a0-242-g2b5ca64 (webtiles) character file.

52 Kidiri the Shield-Bearer (level 3, -2/36 HPs)
             Began as a Minotaur Fighter on Sept 28, 2018.
             Was a Follower of Qazlal.
             Killed from afar by an air elemental (5 damage)
             ... with a tornado
             ... in the Dungeon (Sprint V: "Ziggurat Sprint").
             The game lasted 00:02:06 (159 turns).

Kidiri the Shield-Bearer (Minotaur Fighter)          Turns: 159, Time: 00:02:07

Health: -2/36      AC: 27    Str: 26    XL:     3   Next: 60%
Magic:  3/3        EV:  2    Int:  5    God:    Qazlal [*.....]
Gold:   0          SH: 30    Dex: 16    Spells: 2/2 levels left

rFire    . . .     SeeInvis +   a - +14 obsidian axe {chop, +Fly SInv *Curse} (curse)
rCold    . . .     Gourm    .   c - +18 shield of the Gong {rElec rN+ MR+ EV-5}
rNeg     + . .     Faith    .   b - +15 Maxwell's patent armour {-Cast -Tele rElec MR+ rCorr}
rPois    .         Spirit   .   (helmet restricted)
rElec    +         Reflect  .   (no cloak)
rCorr    +         Harm     .   (no gloves)
MR       ++...     NoTele   +   (no boots) Stlth ..........NoCast +
                                o - amulet of regeneration
HPRegen  0.52/turn              w - +6 ring of dexterity
MPRegen  0.08/turn              A - +6 ring of strength

@: flying (expiring), mesmerised
A: retaliatory headbutt, horns 2
a: Renounce Religion


You were in the Dungeon.
You worshipped Qazlal.
Qazlal was aware of your devotion.
You were not hungry.

You visited 1 branch

Inventory:

Hand Weapons
 a - the cursed +14 obsidian axe (weapon) {chop, +Fly SInv *Curse}
   (You found it in the Dungeon)

   It inflicts extra damage upon your enemies.
   It lets you see invisible.
   It lets you fly.
   It curses itself when equipped.
   It has a curse placed upon it.
Armour
 b - the +15 Maxwell's patent armour (worn) {-Cast -Tele rElec MR+ rCorr}
   (You found it in the Dungeon)

   It insulates you from electricity.
   It affects your resistance to hostile enchantments.
   It prevents spellcasting.
   It prevents most forms of teleportation.
   It provides partial protection from all sources of acid and corrosion.
 c - the +18 shield of the Gong (worn) {rElec rN+ MR+ EV-5}
   (You found it in the Dungeon)

   It affects your evasion (-5).
   It insulates you from electricity.
   It protects you from negative energy.
   It affects your resistance to hostile enchantments.
Jewellery
 o - an amulet of regeneration (around neck)
 w - a +6 ring of dexterity (left hand)
 x - a +6 ring of dexterity
 y - a +6 ring of intelligence
 z - a +6 ring of intelligence
 A - a +6 ring of strength (right hand)
 B - a +6 ring of strength
Wands
 C - a wand of disintegration (7)
 D - a wand of iceblast (7)
 E - a wand of acid (7)
Scrolls
 k - 4 scrolls of blinking
 q - 4 scrolls of amnesia
 r - 7 scrolls of fog
 s - a scroll of holy word
 t - 5 scrolls of identify
 u - 5 scrolls of remove curse
 v - 2 scrolls of fear
Potions
 d - 6 potions of might
 e - 10 potions of curing
 g - 10 potions of heal wounds
 h - 6 potions of haste
 i - 7 potions of magic
 j - 3 potions of berserk rage
 l - 2 potions of brilliance
 m - 2 potions of invisibility
 n - 4 potions of resistance
 p - 5 potions of agility
Comestibles
 f - 7 rations


   Skills:
 * Level 5.5 Fighting
 * Level 4.8 Axes
 + Level 2.0 Throwing
 * Level 5.5 Armour
 * Level 3.4 Dodging
 * Level 5.6 Shields
 + Level 2.0 Invocations
 + Level 2.1 Evocations


You had 2 spell levels left.
You didn't know any spells.
Your spell library was empty.

Dungeon Overview and Level Annotations

Branches:
Dungeon (1/1)

Altars:
Ashenzari
Cheibriados
Dithmenos
Elyvilon
Fedhas
Gozag
Hepliaklqana
Kikubaaqudgha
Makhleb
Nemelex Xobeh
Okawaru
Qazlal
Ru
Sif Muna
Trog
Uskayaw
Vehumet
Wu Jian
Xom
Yredelemnul
Zin
The Shining One
Beogh
Jiyva
Lugonu

Annotations:
D 1 transporter


Innate Abilities, Weirdness & Mutations

You reflexively headbutt those who attack you in melee.
You have a pair of horns on your head.


Message History

GONNNNG!
You block the air elemental's attack.
GONNNNG!
The air elemental hits you but does no damage. x2
You barely miss the air elemental. Your headbutt misses the air elemental.
The air elemental is severely damaged.
The winds around the air elemental calm down.
A vortex of raging winds appears around the air elemental!
You block the air elemental's attack.
PANG!
The air elemental hits you!
* * * LOW HITPOINT WARNING * * *
The air elemental hits you but does no damage.
Unknown command.
Your Maxwell's patent armour prevents you from hitting the air elemental.
The air elemental is severely damaged.
The vortex of raging winds lifts you up.
You fly up into the air.
* * * LOW HITPOINT WARNING * * *
You die...

▓▓▓▓▓▓▓▓▓▓▓▓▓
▓.8©8.▓.8©8.▓
▓.)§§§▓.....▓
▓.§§§§▓...).▓
▓.§§§@▓.....▓
▓.§§E§▓.....▓
▓.§§§§▓..©..▓
▓.§§§§▓▓▓▓▓▓▓
▓▓▓▓▓▓▓


You could see an air elemental.

Vanquished Creatures
  An insubstantial wisp (D)
  2 oozes (D)
3 creatures vanquished.

Vanquished Creatures (others)
  An insubstantial wisp (D)
1 creature vanquished.

Grand Total: 4 creatures vanquished

Notes
Turn   | Place    | Note
-------+----------+-------------------------------------------
     0 | D        | Found the +6 Majin-Bo {vamp, Archmagi MP+6 Int+6}
     0 | D        | Found the +7 great mace "Firestarter" {inner flame, rF++}
     0 | D        | Kidiri the Minotaur Fighter began the quest for the Orb.
     0 | D        | Reached XP level 1. HP: 19/19 MP: 0/0
     0 | D        | Found a deep blue altar of Sif Muna.
     0 | D        | Found a sacrificial altar of Ru.
     0 | D        | Found a bloodstained altar of Trog.
     0 | D        | Found a stormy altar of Qazlal.
     0 | D        | Found an iron altar of Okawaru.
     0 | D        | Found a sparkling altar of Nemelex Xobeh.
     0 | D        | Found a blossoming altar of Fedhas.
     2 | D        | Found a transporter.
     2 | D        | Found an ancient bone altar of Kikubaaqudgha.
     2 | D        | Found a viscous altar of Jiyva.
     2 | D        | Found a corrupted altar of Lugonu.
     2 | D        | Found a hazy altar of Hepliaklqana.
     2 | D        | Found a burning altar of Makhleb.
     2 | D        | Found an opulent altar of Gozag.
    19 | D        | Found the +9 heavy crossbow "Sniper" {velocity, Acc+∞ SInv}
    19 | D        | Found the +10 dark maul {crush}
    19 | D        | Found the +15 Maxwell's patent armour {-Cast -Tele rElec
                  | MR+ rCorr}
    19 | D        | Found the +18 shield of the Gong {rElec rN+ MR+ EV-5}
    19 | D        | Found the cursed +14 obsidian axe {chop, +Fly SInv *Curse}
    20 | D        | Found the +6 shillelagh "Devastator" {shatter}
    20 | D        | Found the +11 plutonium sword {*Contam Stlth-}
    20 | D        | Found the +8 lance "Wyrmbane" {slay drac, rPois rF+ rC+
                  | AC+3}
    20 | D        | Found the +9 sword of Zonguldrok {reap}
    20 | D        | Found the cursed +13 scythe of Curses {drain, *Curse}
    20 | D        | Found the +0 sword of Power
    20 | D        | Found the +7 mace of Variability {chain chaos}
    20 | D        | Found the +7 Singing Sword
    20 | D        | Found the +7 longbow "Piercer" {penet, EV-2}
   114 | D        | Became a worshipper of Qazlal Stormbringer
   122 | D        | Reached skill level 5 in Fighting
   122 | D        | Reached skill level 1 in Throwing
   122 | D        | Reached skill level 5 in Armour
   122 | D        | Reached skill level 5 in Shields
   122 | D        | Reached skill level 1 in Invocations
   122 | D        | Reached skill level 1 in Evocations
   122 | D        | Reached XP level 2. HP: 29/29 MP: 0/2
   128 | D        | Entered arena 2.
   128 | D        | Found a transporter.
   129 | D        | Found the +9 staff of Olgreb {rPois}
   147 | D        | Entered arena 3.
   147 | D        | Noticed an insubstantial wisp
   147 | D        | Noticed an insubstantial wisp
   147 | D        | Noticed an air elemental
   147 | D        | Found a transporter.
   150 | D        | Killed an insubstantial wisp
   152 | D        | Killed an insubstantial wisp
   152 | D        | Reached * piety under Qazlal
   152 | D        | Reached XP level 3. HP: 13/36 MP: 3/3
   159 | D        | Killed from afar by an air elemental

Vault maps used:
D:        sprint_v

Skill      XL: |  1  2 |
---------------+-------+-----
Fighting       | 5 |  5.5
Axes           | 4 |  4.8
Throwing       | 1 2 |  2.0
Armour         | 5 |  5.5
Dodging        | 2 3 |  3.4
Shields        | 5 |  5.6
Invocations    | 1 2 |  2.0
Evocations     | 1 2 |  2.1

Action                   || total
-------------------------++-------
Melee: Broad axe         ||    12
  Use: Potion            ||     1
Armor: Plate armour      ||    15
Block: Shield            ||    24

Table legend:
 A = Non-vault XP
 B = Vault XP
 C = Vault XP percentage of total XP
 D = Non-vault monster count
 E = Vault monster count
 F = Vault count percentage of total count
                 A         B        C        D         E       F
            +---------+---------+-------+---------+---------+-------
      Total |       0 |      63 | 100.0 |       0 |       3 | 100.0
            +---------+---------+-------+---------+---------+-------
          D |       0 |      63 | 100.0 |       0 |       3 | 100.0
            +---------+---------+-------+---------+---------+-------
